[ AOE2 MATCH · #483318115 ]
UnrankedCumans vs Chinese
[ REPLAY ANALYSIS · EXTRACTED FROM THE RECORDED GAME ]
Feudal
10:53
Castle
22:14
Imperial
32:04
| APM avg | 32.4 |
| APM peak | 59 |
| eAPM avg | 24.0 |
| Villagers / military | 140 / 113 |
Focus
⚔️ 36.5% · 🌾 63.5%
Knight ×93 · Unknown (1260) ×50 · Trade Cart ×38 · Fishing Ship ×34 · Battering Ram ×12 · Monk ×3
Feudal
11:56
Castle
17:22
Imperial
32:21
| APM avg | 31.8 |
| APM peak | 105 |
| eAPM avg | 18.0 |
| Villagers / military | 135 / 54 |
Focus
⚔️ 8.6% · 🌾 91.4%
Scorpion ×38 · Knight ×14 · Trebuchet (Packed) ×2
Feudal
13:04
Castle
17:12
Imperial
32:07
| APM avg | 34.3 |
| APM peak | 68 |
| eAPM avg | 18.6 |
| Villagers / military | 124 / 66 |
Focus
⚔️ 17.0% · 🌾 83.0%
Trade Cart ×43 · Scorpion ×39 · Fishing Ship ×26 · Mangonel ×13 · Bombard Cannon ×11 · Monk ×1
Feudal
12:12
Castle
16:46
Imperial
32:26
| APM avg | 19.8 |
| APM peak | 35 |
| eAPM avg | 13.2 |
| Villagers / military | 176 / 232 |
Focus
⚔️ 23.9% · 🌾 76.1%
Spearman ×135 · Longbowman ×55 · Skirmisher ×25 · Battering Ram ×12 · Trebuchet (Packed) ×3 · Monk ×2
Feudal
15:30
Castle
32:35
Imperial
—
| APM avg | 10.0 |
| APM peak | 34 |
| eAPM avg | 8.3 |
| Villagers / military | 76 / 0 |
Focus
⚔️ 5.3% · 🌾 94.7%
Trade Cart ×1
Feudal
12:11
Castle
18:13
Imperial
34:32
| APM avg | 16.1 |
| APM peak | 40 |
| eAPM avg | 11.8 |
| Villagers / military | 138 / 204 |
Focus
⚔️ 21.0% · 🌾 79.0%
Spearman ×132 · Huskarl ×65 · Trade Cart ×3 · Bombard Cannon ×3 · Mangonel ×2 · Monk ×1
Feudal
—
Castle
—
Imperial
—
| APM avg | 8.6 |
| APM peak | 24 |
| eAPM avg | 8.1 |
| Villagers / military | 61 / 129 |
Focus
⚔️ 43.1% · 🌾 56.9%
Conquistador ×59 · Militia ×56 · Trade Cart ×10 · Mangonel ×8 · Monk ×6 · Unknown (1260) ×6
Feudal
18:43
Castle
—
Imperial
—
| APM avg | 3.0 |
| APM peak | 10 |
| eAPM avg | 2.6 |
| Villagers / military | 33 / 32 |
Focus
⚔️ 24.3% · 🌾 75.7%
Spearman ×21 · Militia ×4 · Skirmisher ×3 · Archer ×2 · Scout Cavalry ×2
Match map
Initial resources + every placement click. Lines = walls · curves = elevation contours. ◆ gold · ⬟ stone · ● berries · ✦ relic · ◌ wall gap
Your base· ✓ Closed at 22:14 · 3t walls · no gate
鸿图小霸王's base· ✓ Closed at 17:22 · 16t walls · no gate
banjin's base· ✓ Closed at 17:12 · 23t walls · no gate
galahad7475's base· ✓ Closed at 16:46 · 0t walls · no gate
Fernando Sucre's base· ✓ Closed at 32:35 · 0t walls · no gate
O.aYa.J's base· ✓ Closed at 18:13 · 0t walls · no gate
Rojasdrak's base· ✓ Closed at 28:25 · 35t walls · no gate
Jaerson158's base· ✓ Closed at 12:00 · 14t walls · no gate
Smoothed initial terrain · ◌ = detected wall gap · hover for details
Inputs per minute
— Frums - - 鸿图小霸王
Build order — Frums
First 150 of 601 actions detected
| 0:00 | Create | Villager (Male) |
| 0:00 | Create | Villager (Male) |
| 0:01 | Create | Villager (Male) |
| 0:01 | Create | Villager (Male) |
| 0:02 | Build | House |
| 0:03 | Build | House |
| 0:35 | Build | Lumber Camp |
| 1:35 | Create | Villager (Male) |
| 1:35 | Create | Villager (Male) |
| 2:02 | Create | Villager (Male) |
| 2:25 | Create | Villager (Male) |
| 2:56 | Create | Villager (Male) |
| 2:57 | Create | Villager (Male) |
| 3:09 | Build | House |
| 3:20 | Create | Villager (Male) |
| 3:46 | Create | Villager (Male) |
| 3:46 | Create | Villager (Male) |
| 4:09 | Create | Villager (Male) |
| 4:20 | Build | House |
| 4:23 | Build | Palisade Wall |
| 4:26 | Build | Palisade Wall |
| 4:30 | Build | Palisade Wall |
| 4:38 | Create | Villager (Male) |
| 4:38 | Create | Villager (Male) |
| 4:52 | Create | Villager (Male) |
| 5:28 | Create | Villager (Male) |
| 5:34 | Create | Villager (Male) |
| 5:34 | Create | Villager (Male) |
| 5:43 | Build | Dock |
| 6:22 | Create | Villager (Male) |
| 6:23 | Research | Loom |
| 6:24 | Build | House |
| 6:39 | Create | Fishing Ship |
| 6:43 | Build | House |
| 7:06 | Create | Villager (Male) |
| 7:11 | Create | Fishing Ship |
| 7:36 | Create | Fishing Ship |
| 7:42 | Create | Villager (Male) |
| 7:46 | Create | Villager (Male) |
| 7:55 | Build | House |
| 8:18 | Create | Fishing Ship |
| 8:43 | Research | Feudal Age |
| 9:39 | Create | Fishing Ship |
| 9:50 | Build | Outpost |
| 10:17 | Build | House |
| 10:19 | Build | House |
| 10:32 | Create | Villager (Male) |
| 10:32 | Create | Villager (Male) |
| 10:53 | Age | Feudal Age |
| 11:03 | Build | Town Center |
| 11:07 | Create | Villager (Male) |
| 11:09 | Research | Double-Bit Axe |
| 11:28 | Build | House |
| 11:31 | Build | House |
| 11:38 | Create | Villager (Male) |
| 11:55 | Create | Fishing Ship |
| 12:01 | Build | Fish Trap |
| 12:12 | Build | Dock |
| 12:18 | Create | Villager (Male) |
| 12:22 | Create | Villager (Male) |
| 12:40 | Create | Villager (Male) |
| 12:45 | Build | Fish Trap |
| 13:00 | Build | Fish Trap |
| 13:01 | Create | Villager (Male) |
| 13:06 | Create | Villager (Male) |
| 13:14 | Create | Villager (Male) |
| 13:18 | Create | Villager (Male) |
| 13:29 | Build | House |
| 13:37 | Build | Fish Trap |
| 13:40 | Create | Villager (Male) |
| 13:57 | Build | Blacksmith |
| 14:01 | Build | House |
| 14:03 | Create | Villager (Male) |
| 14:12 | Build | Mill |
| 14:15 | Create | Villager (Male) |
| 14:21 | Create | Villager (Male) |
| 14:24 | Create | Fishing Ship |
| 14:25 | Create | Fishing Ship |
| 14:35 | Build | Fish Trap |
| 14:38 | Build | House |
| 14:43 | Build | House |
| 14:46 | Create | Villager (Male) |
| 14:55 | Create | Fishing Ship |
| 14:55 | Create | Fishing Ship |
| 15:06 | Create | Villager (Male) |
| 15:15 | Build | Market |
| 15:19 | Build | House |
| 15:21 | Create | Villager (Male) |
| 15:22 | Create | Villager (Male) |
| 15:27 | Create | Fishing Ship |
| 15:27 | Create | Fishing Ship |
| 15:43 | Research | Horse Collar |
| 15:45 | Create | Villager (Male) |
| 15:50 | Build | Fish Trap |
| 15:57 | Build | House |
| 16:04 | Create | Villager (Male) |
| 16:12 | Build | Fish Trap |
| 16:17 | Build | Fish Trap |
| 16:18 | Create | Villager (Male) |
| 16:25 | Build | Farm |
| 16:26 | Build | Farm |
| 16:27 | Build | Farm |
| 16:27 | Create | Villager (Male) |
| 16:32 | Build | House |
| 16:34 | Build | House |
| 16:37 | Create | Villager (Male) |
| 16:41 | Create | Fishing Ship |
| 16:43 | Create | Fishing Ship |
| 16:50 | Create | Villager (Male) |
| 16:52 | Build | Farm |
| 16:59 | Build | Farm |
| 17:04 | Build | House |
| 17:04 | Create | Villager (Male) |
| 17:09 | Build | House |
| 17:11 | Create | Villager (Male) |
| 17:14 | Build | Farm |
| 17:19 | Build | Farm |
| 17:21 | Build | Farm |
| 17:21 | Create | Villager (Male) |
| 17:25 | Build | Farm |
| 17:34 | Build | House |
| 17:35 | Create | Villager (Male) |
| 17:40 | Build | House |
| 17:42 | Create | Villager (Male) |
| 17:56 | Create | Fishing Ship |
| 17:57 | Create | Fishing Ship |
| 18:02 | Build | Farm |
| 18:05 | Build | House |
| 18:11 | Build | Farm |
| 18:16 | Build | House |
| 18:16 | Create | Villager (Male) |
| 18:18 | Create | Villager (Male) |
| 18:20 | Create | Villager (Male) |
| 18:22 | Create | Fishing Ship |
| 18:29 | Build | Fish Trap |
| 18:36 | Build | Fish Trap |
| 18:36 | Create | Villager (Male) |
| 18:48 | Build | House |
| 18:52 | Create | Villager (Male) |
| 18:54 | Create | Fishing Ship |
| 18:55 | Research | Tech 906 |
| 18:58 | Build | Farm |
| 19:06 | Create | Villager (Male) |
| 19:08 | Build | Fish Trap |
| 19:16 | Build | Farm |
| 19:20 | Create | Fishing Ship |
| 19:23 | Build | House |
| 19:34 | Research | Castle Age |
| 19:36 | Create | Villager (Male) |
| 19:39 | Create | Fishing Ship |
Build order — 鸿图小霸王
First 150 of 301 actions detected
| 0:12 | Research | Loom |
| 0:54 | Create | Villager (Male) |
| 0:54 | Create | Villager (Male) |
| 0:54 | Create | Villager (Male) |
| 1:44 | Build | Palisade Wall |
| 1:54 | Create | Villager (Male) |
| 1:55 | Create | Villager (Male) |
| 2:16 | Create | Villager (Male) |
| 2:16 | Create | Villager (Male) |
| 2:36 | Build | Palisade Wall |
| 2:46 | Create | Villager (Male) |
| 2:46 | Create | Villager (Male) |
| 3:09 | Build | House |
| 3:11 | Build | House |
| 3:15 | Create | Villager (Male) |
| 3:15 | Create | Villager (Male) |
| 3:15 | Create | Villager (Male) |
| 3:44 | Create | Villager (Male) |
| 3:44 | Create | Villager (Male) |
| 5:16 | Create | Villager (Male) |
| 5:16 | Create | Villager (Male) |
| 5:52 | Create | Villager (Male) |
| 6:03 | Create | Villager (Male) |
| 6:17 | Create | Villager (Male) |
| 6:36 | Create | Villager (Male) |
| 7:14 | Build | Mill |
| 7:30 | Create | Villager (Male) |
| 7:59 | Create | Villager (Male) |
| 8:48 | Create | Villager (Male) |
| 9:03 | Create | Villager (Male) |
| 9:11 | Build | Lumber Camp |
| 9:46 | Research | Feudal Age |
| 10:02 | Build | Mill |
| 10:53 | Build | Mining Camp |
| 11:42 | Build | Farm |
| 11:43 | Build | Farm |
| 11:56 | Age | Feudal Age |
| 12:00 | Create | Villager (Male) |
| 12:19 | Build | Market |
| 12:24 | Create | Villager (Male) |
| 12:35 | Build | House |
| 13:09 | Create | Villager (Male) |
| 13:39 | Create | Villager (Male) |
| 13:59 | Build | Blacksmith |
| 14:14 | Create | Villager (Male) |
| 14:42 | Research | Castle Age |
| 14:57 | Research | Horse Collar |
| 15:09 | Build | Farm |
| 15:10 | Build | Farm |
| 15:11 | Build | Farm |
| 15:24 | Build | Farm |
| 15:34 | Build | Farm |
| 15:57 | Research | Double-Bit Axe |
| 16:12 | Build | House |
| 17:02 | Create | Villager (Male) |
| 17:09 | Build | House |
| 17:10 | Build | House |
| 17:22 | Age | Castle Age |
| 17:22 | Build | Stone Wall |
| 17:26 | Create | Villager (Male) |
| 17:37 | Build | Town Center |
| 17:43 | Create | Villager (Male) |
| 18:01 | Create | Villager (Male) |
| 18:15 | Research | Bow Saw |
| 18:19 | Research | Heavy Plow |
| 18:29 | Build | Stone Wall |
| 18:34 | Create | Villager (Male) |
| 18:49 | Create | Villager (Male) |
| 18:53 | Research | Wheelbarrow |
| 19:08 | Build | Mining Camp |
| 19:12 | Create | Villager (Male) |
| 19:29 | Build | Mining Camp |
| 19:43 | Create | Villager (Male) |
| 19:43 | Create | Villager (Male) |
| 20:17 | Create | Villager (Male) |
| 20:20 | Research | Hand Cart |
| 20:22 | Create | Villager (Male) |
| 20:48 | Build | Town Center |
| 20:53 | Create | Villager (Male) |
| 21:18 | Build | Farm |
| 21:20 | Build | Farm |
| 21:21 | Build | Farm |
| 21:27 | Build | Farm |
| 21:28 | Build | Farm |
| 21:30 | Create | Villager (Male) |
| 21:37 | Research | Stone Mining |
| 21:57 | Create | Villager (Male) |
| 22:07 | Build | Farm |
| 22:08 | Build | Farm |
| 22:09 | Build | Farm |
| 22:10 | Build | Farm |
| 22:12 | Create | Villager (Male) |
| 22:15 | Create | Villager (Male) |
| 22:18 | Create | Villager (Male) |
| 22:34 | Build | Farm |
| 22:37 | Create | Villager (Male) |
| 22:46 | Create | Villager (Male) |
| 22:49 | Create | Villager (Male) |
| 22:53 | Create | Villager (Male) |
| 22:54 | Create | Villager (Male) |
| 23:05 | Build | Town Center |
| 23:13 | Create | Villager (Male) |
| 23:15 | Build | Farm |
| 23:17 | Build | Farm |
| 23:23 | Build | Farm |
| 23:30 | Create | Villager (Male) |
| 23:33 | Create | Villager (Male) |
| 23:33 | Create | Villager (Male) |
| 23:36 | Create | Villager (Male) |
| 23:47 | Create | Villager (Male) |
| 23:55 | Research | Gold Mining |
| 24:03 | Build | Farm |
| 24:08 | Build | Farm |
| 24:10 | Create | Villager (Male) |
| 24:15 | Build | Farm |
| 24:16 | Build | Farm |
| 24:19 | Create | Villager (Male) |
| 24:28 | Build | Farm |
| 24:29 | Create | Villager (Male) |
| 24:31 | Create | Villager (Male) |
| 24:40 | Create | Villager (Male) |
| 24:41 | Create | Villager (Male) |
| 24:44 | Create | Villager (Male) |
| 24:58 | Build | Lumber Camp |
| 25:04 | Build | Lumber Camp |
| 25:24 | Create | Villager (Male) |
| 25:28 | Create | Villager (Male) |
| 25:29 | Create | Villager (Male) |
| 25:30 | Create | Villager (Male) |
| 25:32 | Create | Villager (Male) |
| 25:33 | Create | Villager (Male) |
| 25:35 | Create | Villager (Male) |
| 25:36 | Create | Villager (Male) |
| 25:38 | Create | Villager (Male) |
| 25:43 | Build | Farm |
| 25:44 | Build | Farm |
| 25:46 | Build | Farm |
| 25:48 | Build | Farm |
| 25:52 | Create | Villager (Male) |
| 25:57 | Create | Villager (Male) |
| 26:01 | Create | Villager (Male) |
| 26:10 | Build | Farm |
| 26:13 | Build | Farm |
| 26:14 | Create | Villager (Male) |
| 26:18 | Create | Villager (Male) |
| 26:18 | Create | Villager (Male) |
| 26:35 | Build | House |
| 26:36 | Build | House |
| 26:41 | Create | Villager (Male) |
| 26:44 | Build | Farm |
Build order — banjin
First 150 of 426 actions detected
| 0:01 | Create | Villager (Male) |
| 0:01 | Create | Villager (Male) |
| 0:02 | Build | House |
| 0:03 | Build | House |
| 0:11 | Create | Villager (Male) |
| 0:11 | Create | Villager (Male) |
| 0:11 | Create | Villager (Male) |
| 1:41 | Create | Villager (Male) |
| 1:41 | Create | Villager (Male) |
| 1:52 | Build | Lumber Camp |
| 2:00 | Create | Villager (Male) |
| 2:12 | Research | Loom |
| 2:12 | Research | Loom |
| 2:46 | Build | Palisade Wall |
| 2:56 | Create | Villager (Male) |
| 2:57 | Create | Villager (Male) |
| 2:57 | Create | Villager (Male) |
| 3:30 | Create | Villager (Male) |
| 3:30 | Create | Villager (Male) |
| 3:30 | Create | Villager (Male) |
| 3:56 | Build | Palisade Wall |
| 4:07 | Create | Villager (Male) |
| 4:07 | Create | Villager (Male) |
| 4:15 | Build | House |
| 4:49 | Create | Villager (Male) |
| 4:49 | Create | Villager (Male) |
| 5:08 | Build | Dock |
| 5:10 | Create | Villager (Male) |
| 5:10 | Create | Villager (Male) |
| 5:38 | Build | Palisade Wall |
| 5:41 | Create | Villager (Male) |
| 5:42 | Create | Villager (Male) |
| 5:46 | Build | House |
| 5:53 | Create | Villager (Male) |
| 5:54 | Create | Villager (Male) |
| 6:05 | Create | Fishing Ship |
| 6:24 | Build | House |
| 6:33 | Create | Villager (Male) |
| 6:33 | Create | Villager (Male) |
| 6:45 | Create | Fishing Ship |
| 7:16 | Create | Villager (Male) |
| 7:40 | Create | Villager (Male) |
| 7:41 | Create | Villager (Male) |
| 7:50 | Create | Fishing Ship |
| 8:06 | Create | Villager (Male) |
| 8:06 | Create | Villager (Male) |
| 8:06 | Create | Villager (Male) |
| 8:09 | Build | Mill |
| 8:24 | Create | Fishing Ship |
| 8:58 | Create | Villager (Male) |
| 9:20 | Create | Villager (Male) |
| 9:26 | Build | Mining Camp |
| 9:57 | Build | House |
| 10:54 | Research | Feudal Age |
| 10:54 | Research | Feudal Age |
| 12:23 | Create | Fishing Ship |
| 13:04 | Age | Feudal Age |
| 13:10 | Create | Villager (Male) |
| 13:10 | Create | Villager (Male) |
| 13:17 | Build | Market |
| 13:21 | Build | Blacksmith |
| 13:50 | Build | Fish Trap |
| 13:54 | Build | Fish Trap |
| 14:15 | Build | Fish Trap |
| 14:25 | Create | Fishing Ship |
| 14:32 | Research | Castle Age |
| 14:42 | Build | House |
| 15:01 | Build | Barracks |
| 15:10 | Research | Double-Bit Axe |
| 15:10 | Research | Double-Bit Axe |
| 15:39 | Research | Horse Collar |
| 15:39 | Research | Horse Collar |
| 16:14 | Build | Archery Range |
| 16:58 | Build | Outpost |
| 17:12 | Age | Castle Age |
| 17:13 | Create | Archer |
| 17:16 | Create | Villager (Male) |
| 17:27 | Build | Town Center |
| 17:35 | Research | Bow Saw |
| 17:59 | Create | Villager (Male) |
| 18:12 | Build | Town Center |
| 18:19 | Create | Villager (Male) |
| 18:52 | Build | Fish Trap |
| 18:58 | Build | Fish Trap |
| 19:08 | Build | Fish Trap |
| 19:10 | Create | Fishing Ship |
| 19:12 | Create | Villager (Male) |
| 19:12 | Create | Villager (Male) |
| 19:14 | Create | Villager (Male) |
| 19:15 | Create | Villager (Male) |
| 19:40 | Create | Villager (Male) |
| 19:40 | Create | Villager (Male) |
| 19:44 | Create | Villager (Male) |
| 19:47 | Build | Farm |
| 19:51 | Create | Fishing Ship |
| 19:59 | Build | Fish Trap |
| 20:01 | Create | Fishing Ship |
| 20:04 | Create | Villager (Male) |
| 20:05 | Create | Villager (Male) |
| 20:06 | Create | Villager (Male) |
| 20:09 | Create | Villager (Male) |
| 20:13 | Build | House |
| 20:28 | Build | Lumber Camp |
| 20:31 | Create | Villager (Male) |
| 20:34 | Build | House |
| 20:44 | Research | Wheelbarrow |
| 21:03 | Build | Fish Trap |
| 21:16 | Build | House |
| 21:17 | Create | Villager (Male) |
| 21:18 | Create | Villager (Male) |
| 21:19 | Create | Villager (Male) |
| 21:20 | Create | Villager (Male) |
| 21:30 | Build | Farm |
| 21:30 | Build | Farm |
| 21:30 | Build | Farm |
| 21:36 | Create | Villager (Male) |
| 21:37 | Create | Villager (Male) |
| 21:43 | Build | House |
| 21:51 | Build | Farm |
| 21:51 | Build | Farm |
| 21:54 | Create | Villager (Male) |
| 21:54 | Create | Villager (Male) |
| 22:16 | Create | Villager (Male) |
| 22:17 | Create | Villager (Male) |
| 22:18 | Create | Villager (Male) |
| 22:22 | Build | Fish Trap |
| 22:32 | Create | Fishing Ship |
| 22:36 | Build | Farm |
| 22:39 | Build | Farm |
| 22:43 | Build | House |
| 22:43 | Build | House |
| 22:44 | Create | Villager (Male) |
| 22:45 | Create | Villager (Male) |
| 22:46 | Create | Villager (Male) |
| 22:49 | Build | Farm |
| 22:55 | Build | Farm |
| 23:00 | Create | Villager (Male) |
| 23:05 | Create | Villager (Male) |
| 23:06 | Create | Villager (Male) |
| 23:12 | Build | Farm |
| 23:24 | Build | Fish Trap |
| 23:26 | Create | Fishing Ship |
| 23:32 | Build | Farm |
| 23:40 | Build | Castle |
| 23:50 | Create | Villager (Male) |
| 23:51 | Create | Villager (Male) |
| 23:51 | Create | Villager (Male) |
| 23:55 | Build | House |
| 23:58 | Build | Monastery |
| 24:01 | Create | Villager (Male) |
Build order — galahad7475
First 150 of 347 actions detected
| 0:05 | Create | Villager (Male) ×4 |
| 0:09 | Build | House |
| 0:10 | Build | House |
| 0:11 | Build | House |
| 1:09 | Build | House |
| 1:34 | Build | House |
| 1:41 | Create | Villager (Male) |
| 2:01 | Create | Villager (Male) |
| 2:10 | Build | House |
| 2:20 | Create | Villager (Male) |
| 2:48 | Create | Villager (Male) |
| 3:05 | Create | Villager (Male) |
| 3:34 | Create | Villager (Male) |
| 3:45 | Research | Loom |
| 4:14 | Create | Villager (Male) |
| 4:15 | Create | Villager (Male) |
| 4:15 | Create | Villager (Male) |
| 4:38 | Build | Mill |
| 4:55 | Build | Lumber Camp |
| 5:05 | Create | Villager (Male) |
| 5:05 | Create | Villager (Male) |
| 5:18 | Create | Villager (Male) |
| 5:39 | Build | Mining Camp |
| 5:42 | Create | Villager (Male) |
| 6:15 | Create | Villager (Male) |
| 6:40 | Create | Villager (Male) |
| 6:40 | Create | Villager (Male) |
| 7:39 | Create | Villager (Male) |
| 8:37 | Create | Villager (Male) |
| 8:37 | Create | Villager (Male) |
| 9:35 | Create | Villager (Male) |
| 10:02 | Research | Feudal Age |
| 12:12 | Age | Feudal Age |
| 12:15 | Build | Market |
| 12:17 | Build | Blacksmith |
| 12:21 | Create | Villager (Male) |
| 12:31 | Build | Farm |
| 12:32 | Build | Farm |
| 12:35 | Create | Villager (Male) |
| 13:15 | Create | Villager (Male) |
| 13:17 | Build | Farm |
| 14:06 | Research | Castle Age |
| 14:31 | Build | Farm |
| 14:32 | Build | Farm |
| 14:33 | Build | Farm |
| 14:34 | Build | Farm |
| 14:35 | Build | Farm |
| 14:36 | Build | Farm |
| 14:38 | Build | Farm |
| 14:39 | Build | Farm |
| 15:00 | Research | Double-Bit Axe |
| 15:26 | Research | Horse Collar |
| 16:07 | Build | House |
| 16:08 | Build | House |
| 16:12 | Build | House |
| 16:14 | Build | House |
| 16:46 | Age | Castle Age |
| 16:49 | Build | Town Center |
| 16:53 | Build | Town Center |
| 16:59 | Create | Villager (Male) |
| 17:00 | Create | Villager (Male) |
| 17:00 | Create | Villager (Male) |
| 17:20 | Research | Bow Saw |
| 17:53 | Create | Villager (Male) |
| 17:57 | Build | Farm |
| 18:18 | Create | Villager (Male) |
| 18:21 | Research | Wheelbarrow |
| 18:29 | Build | Farm |
| 18:30 | Build | Farm |
| 18:42 | Build | Farm |
| 18:45 | Create | Villager (Male) |
| 18:55 | Create | Villager (Male) |
| 19:01 | Create | Villager (Male) |
| 19:02 | Create | Villager (Male) |
| 19:03 | Create | Villager (Male) |
| 19:12 | Build | Farm |
| 19:21 | Build | Farm |
| 19:30 | Create | Villager (Male) |
| 19:56 | Build | Town Center |
| 20:00 | Create | Villager (Male) |
| 20:01 | Create | Villager (Male) |
| 20:01 | Create | Villager (Male) |
| 20:04 | Create | Villager (Male) |
| 20:20 | Build | Farm |
| 20:22 | Build | Farm |
| 20:27 | Create | Villager (Male) |
| 20:28 | Create | Villager (Male) |
| 20:36 | Build | Farm |
| 20:37 | Build | Farm |
| 20:43 | Build | Farm |
| 20:46 | Create | Villager (Male) |
| 20:57 | Build | House |
| 20:58 | Build | House |
| 20:58 | Build | House |
| 21:00 | Build | House |
| 21:03 | Create | Villager (Male) |
| 21:04 | Create | Villager (Male) |
| 21:13 | Create | Villager (Male) |
| 21:18 | Build | Farm |
| 21:20 | Build | Farm |
| 21:22 | Build | Farm |
| 21:24 | Build | Farm |
| 21:29 | Create | Villager (Male) |
| 21:30 | Create | Villager (Male) |
| 21:35 | Create | Villager (Male) |
| 21:35 | Create | Villager (Male) |
| 21:39 | Build | Farm |
| 21:41 | Build | Farm |
| 21:44 | Create | Villager (Male) |
| 21:44 | Create | Villager (Male) |
| 21:53 | Create | Villager (Male) |
| 21:58 | Create | Villager (Male) |
| 22:06 | Build | Farm |
| 22:09 | Build | Farm |
| 22:12 | Create | Villager (Male) |
| 22:12 | Create | Villager (Male) |
| 22:20 | Build | Town Center |
| 22:24 | Create | Villager (Male) |
| 22:25 | Create | Villager (Male) |
| 22:30 | Create | Villager (Male) |
| 22:35 | Build | Farm |
| 22:36 | Build | Farm |
| 22:37 | Build | Farm |
| 22:38 | Build | Farm |
| 22:42 | Create | Villager (Male) |
| 22:42 | Create | Villager (Male) |
| 22:42 | Create | Villager (Male) |
| 22:47 | Create | Villager (Male) |
| 22:56 | Create | Villager (Male) |
| 22:56 | Create | Villager (Male) |
| 23:04 | Build | Farm |
| 23:06 | Build | Farm |
| 23:07 | Build | Farm |
| 23:10 | Build | Farm |
| 23:12 | Build | Farm |
| 23:15 | Create | Villager (Male) |
| 23:15 | Create | Villager (Male) |
| 23:15 | Create | Villager (Male) |
| 23:20 | Build | House |
| 23:22 | Build | House |
| 23:26 | Create | Villager (Male) |
| 23:26 | Create | Villager (Male) |
| 23:27 | Create | Villager (Male) |
| 23:27 | Create | Villager (Male) |
| 23:33 | Build | Farm |
| 23:39 | Create | Villager (Male) |
| 23:39 | Create | Villager (Male) |
| 23:39 | Create | Villager (Male) |
| 23:40 | Create | Villager (Male) |
| 23:46 | Create | Villager (Male) |
Build order — Fernando Sucre
First 150 of 205 actions detected
| 0:17 | Build | House |
| 0:19 | Build | House |
| 0:23 | Build | House |
| 0:27 | Create | Villager (Male) |
| 0:28 | Research | Loom |
| 0:28 | Create | Villager (Male) |
| 0:30 | Create | Villager (Male) |
| 0:31 | Create | Villager (Male) |
| 2:45 | Create | Villager (Male) |
| 3:27 | Create | Villager (Male) |
| 3:28 | Create | Villager (Male) |
| 4:47 | Build | Lumber Camp |
| 4:52 | Create | Villager (Male) |
| 4:56 | Create | Villager (Male) |
| 4:57 | Create | Villager (Male) |
| 6:07 | Create | Villager (Male) |
| 6:08 | Create | Villager (Male) |
| 6:08 | Create | Villager (Male) |
| 6:57 | Build | Mill |
| 8:02 | Create | Villager (Male) |
| 8:03 | Create | Villager (Male) |
| 8:17 | Create | Villager (Male) |
| 8:20 | Create | Villager (Male) |
| 8:41 | Create | Villager (Male) |
| 8:41 | Create | Villager (Male) |
| 9:34 | Build | House |
| 9:36 | Build | House |
| 9:40 | Build | House |
| 9:41 | Build | House |
| 10:51 | Create | Villager (Male) |
| 10:51 | Create | Villager (Male) |
| 10:52 | Create | Villager (Male) |
| 11:29 | Create | Villager (Male) |
| 11:43 | Build | Farm |
| 11:49 | Build | Farm |
| 11:57 | Build | Farm |
| 12:05 | Build | Farm |
| 12:15 | Build | House |
| 12:17 | Build | House |
| 12:18 | Build | House |
| 12:19 | Build | House |
| 12:25 | Build | House |
| 12:26 | Build | House |
| 12:54 | Build | Mining Camp |
| 13:01 | Build | Mining Camp |
| 13:18 | Build | Farm |
| 13:20 | Research | Feudal Age |
| 13:36 | Build | Farm |
| 13:49 | Build | Farm |
| 14:51 | Build | Mining Camp |
| 15:30 | Age | Feudal Age |
| 15:37 | Build | House |
| 15:44 | Research | Wheelbarrow |
| 15:47 | Research | Town Watch |
| 15:52 | Research | Horse Collar |
| 16:05 | Create | Villager (Male) |
| 16:05 | Create | Villager (Male) |
| 16:05 | Create | Villager (Male) |
| 16:06 | Create | Villager (Male) |
| 16:06 | Create | Villager (Male) |
| 16:06 | Create | Villager (Male) |
| 16:07 | Create | Villager (Male) |
| 16:07 | Create | Villager (Male) |
| 16:30 | Build | House |
| 16:41 | Research | Double-Bit Axe |
| 17:27 | Build | House |
| 17:31 | Build | House |
| 17:32 | Build | House |
| 17:36 | Build | House |
| 17:38 | Build | House |
| 17:39 | Build | House |
| 17:40 | Build | House |
| 18:07 | Build | Farm |
| 18:14 | Create | Villager (Male) |
| 18:14 | Create | Villager (Male) |
| 18:15 | Create | Villager (Male) |
| 18:15 | Create | Villager (Male) |
| 18:15 | Create | Villager (Male) |
| 18:15 | Create | Villager (Male) |
| 18:16 | Create | Villager (Male) |
| 18:16 | Create | Villager (Male) |
| 18:23 | Build | Farm |
| 18:31 | Create | Villager (Male) |
| 18:57 | Create | Villager (Male) |
| 19:24 | Build | Farm |
| 19:37 | Build | Farm |
| 19:40 | Create | Villager (Male) |
| 19:54 | Create | Villager (Male) |
| 19:54 | Create | Villager (Male) |
| 20:02 | Build | Farm |
| 20:22 | Build | Market |
| 20:44 | Build | Farm |
| 20:55 | Create | Villager (Male) |
| 20:55 | Create | Villager (Male) |
| 20:56 | Create | Villager (Male) |
| 21:52 | Build | Farm |
| 21:59 | Build | Farm |
| 22:02 | Create | Villager (Male) |
| 22:02 | Create | Villager (Male) |
| 22:08 | Build | Farm |
| 23:13 | Build | House |
| 23:15 | Build | House |
| 23:17 | Build | House |
| 23:25 | Build | House |
| 23:26 | Build | House |
| 23:43 | Build | Farm |
| 23:53 | Build | Farm |
| 23:58 | Create | Villager (Male) |
| 23:58 | Create | Villager (Male) |
| 24:00 | Create | Villager (Male) |
| 24:00 | Create | Villager (Male) |
| 24:01 | Create | Villager (Male) |
| 24:12 | Research | Stone Mining |
| 24:13 | Research | Gold Mining |
| 24:31 | Build | Mill |
| 24:38 | Build | Farm |
| 24:59 | Build | Blacksmith |
| 25:29 | Build | Farm |
| 25:39 | Build | Farm |
| 25:44 | Research | Castle Age |
| 26:10 | Build | Lumber Camp |
| 27:12 | Build | House |
| 27:19 | Build | House |
| 27:23 | Build | House |
| 29:55 | Build | Mill |
| 30:12 | Build | Mining Camp |
| 30:39 | Build | House |
| 30:57 | Build | House |
| 31:03 | Build | House |
| 31:04 | Build | House |
| 31:05 | Build | House |
| 31:09 | Build | House |
| 31:10 | Build | House |
| 31:11 | Build | House |
| 31:23 | Build | Mining Camp |
| 31:29 | Build | Dock |
| 31:50 | Research | Scale Mail Armor |
| 31:51 | Research | Padded Archer Armor |
| 31:51 | Research | Fletching |
| 31:52 | Research | Forging |
| 31:53 | Research | Scale Barding Armor |
| 32:35 | Age | Castle Age |
| 32:42 | Research | Hand Cart |
| 32:43 | Research | Town Patrol |
| 32:46 | Create | Villager (Male) |
| 32:46 | Create | Villager (Male) |
| 32:47 | Create | Villager (Male) |
| 32:47 | Create | Villager (Male) |
| 32:47 | Create | Villager (Male) |
| 32:47 | Create | Villager (Male) |
Build order — O.aYa.J
First 150 of 405 actions detected
| 0:05 | Research | Loom |
| 0:05 | Research | Loom |
| 0:06 | Create | Villager (Male) |
| 0:06 | Create | Villager (Male) |
| 0:06 | Create | Villager (Male) |
| 0:06 | Create | Villager (Male) |
| 0:07 | Create | Villager (Male) |
| 0:07 | Create | Villager (Male) |
| 0:11 | Build | House |
| 1:37 | Create | Villager (Male) |
| 1:37 | Create | Villager (Male) |
| 1:55 | Build | House |
| 2:12 | Create | Villager (Male) |
| 2:20 | Build | Lumber Camp |
| 2:26 | Build | House |
| 2:32 | Build | House |
| 2:38 | Create | Villager (Male) |
| 3:14 | Create | Villager (Male) |
| 3:14 | Create | Villager (Male) |
| 3:14 | Create | Villager (Male) |
| 4:03 | Create | Villager (Male) |
| 4:33 | Create | Villager (Male) |
| 4:34 | Create | Villager (Male) |
| 5:04 | Create | Villager (Male) |
| 5:05 | Create | Villager (Male) |
| 5:05 | Create | Villager (Male) |
| 5:57 | Create | Villager (Male) |
| 5:57 | Create | Villager (Male) |
| 5:57 | Create | Villager (Male) |
| 7:07 | Create | Villager (Male) |
| 7:07 | Create | Villager (Male) |
| 7:08 | Create | Villager (Male) |
| 7:08 | Create | Villager (Male) |
| 7:21 | Build | Mill |
| 7:37 | Create | Villager (Male) |
| 7:37 | Create | Villager (Male) |
| 7:38 | Create | Villager (Male) |
| 8:13 | Create | Villager (Male) |
| 8:13 | Create | Villager (Male) |
| 8:14 | Create | Villager (Male) |
| 8:52 | Build | Mining Camp |
| 9:51 | Build | House |
| 10:01 | Research | Feudal Age |
| 11:16 | Build | Mining Camp |
| 11:51 | Build | Mining Camp |
| 12:05 | Build | House |
| 12:11 | Age | Feudal Age |
| 12:18 | Build | Blacksmith |
| 12:26 | Build | Market |
| 12:29 | Research | Wheelbarrow |
| 12:43 | Build | Farm |
| 12:44 | Build | Farm |
| 12:46 | Build | Farm |
| 13:02 | Build | Farm |
| 13:04 | Build | Farm |
| 13:05 | Build | Farm |
| 13:14 | Build | Farm |
| 13:24 | Build | Farm |
| 13:39 | Create | Villager (Male) |
| 14:12 | Create | Villager (Male) |
| 14:21 | Create | Villager (Male) |
| 14:27 | Build | Market |
| 14:35 | Build | House |
| 14:38 | Create | Villager (Male) |
| 15:09 | Research | Double-Bit Axe |
| 15:15 | Research | Horse Collar |
| 15:33 | Research | Castle Age |
| 16:05 | Research | Horse Collar |
| 16:12 | Build | House |
| 16:15 | Build | House |
| 16:58 | Create | Trade Cart |
| 17:05 | Research | Gold Mining |
| 17:08 | Research | Stone Mining |
| 17:17 | Build | House |
| 17:52 | Create | Villager (Male) |
| 18:01 | Build | House |
| 18:09 | Create | Trade Cart |
| 18:13 | Age | Castle Age |
| 18:35 | Research | Bow Saw |
| 18:40 | Research | Heavy Plow |
| 18:58 | Build | Monastery |
| 19:10 | Build | Town Center |
| 19:17 | Create | Villager (Male) |
| 19:29 | Create | Villager (Male) |
| 19:39 | Build | Barracks |
| 19:48 | Build | House |
| 19:50 | Create | Monk |
| 19:58 | Create | Villager (Male) |
| 20:14 | Create | Villager (Male) |
| 20:31 | Build | House |
| 20:35 | Build | House |
| 20:45 | Build | Siege Workshop |
| 20:49 | Create | Villager (Male) |
| 21:32 | Build | Farm |
| 21:33 | Build | Farm |
| 21:36 | Create | Villager (Male) |
| 21:36 | Create | Villager (Male) |
| 21:40 | Build | Farm |
| 22:03 | Build | Castle |
| 22:10 | Build | House |
| 22:12 | Create | Villager (Male) |
| 22:12 | Create | Villager (Male) |
| 22:15 | Create | Villager (Male) |
| 22:16 | Create | Villager (Male) |
| 22:19 | Build | Farm |
| 22:20 | Build | Farm |
| 22:21 | Build | Farm |
| 22:23 | Build | Farm |
| 22:25 | Build | Farm |
| 22:27 | Create | Villager (Male) |
| 22:28 | Create | Villager (Male) |
| 22:49 | Create | Villager (Male) |
| 22:52 | Build | House |
| 23:04 | Build | Mining Camp |
| 23:07 | Create | Villager (Male) |
| 23:11 | Create | Villager (Male) |
| 23:38 | Build | House |
| 23:39 | Build | House |
| 23:40 | Build | House |
| 23:50 | Build | Farm |
| 23:52 | Build | Farm |
| 23:54 | Build | Farm |
| 23:55 | Build | Farm |
| 23:56 | Build | Farm |
| 23:58 | Build | Farm |
| 24:00 | Build | Farm |
| 24:02 | Build | Farm |
| 24:05 | Create | Villager (Male) |
| 24:05 | Create | Villager (Male) |
| 24:10 | Research | Hand Cart |
| 24:13 | Create | Villager (Male) |
| 24:36 | Build | University |
| 24:56 | Create | Mangonel |
| 25:05 | Create | Villager (Male) |
| 25:05 | Create | Villager (Male) |
| 25:07 | Create | Villager (Male) |
| 25:11 | Create | Villager (Male) |
| 25:12 | Create | Villager (Male) |
| 25:12 | Create | Villager (Male) |
| 25:33 | Build | Town Center |
| 25:58 | Create | Villager (Male) |
| 25:58 | Create | Villager (Male) |
| 25:58 | Create | Villager (Male) |
| 26:00 | Build | Farm |
| 26:03 | Build | Farm |
| 26:10 | Build | Lumber Camp |
| 26:16 | Build | House |
| 26:32 | Create | Villager (Male) |
| 26:35 | Research | Town Watch |
| 26:52 | Build | Town Center |
Build order — Rojasdrak
First 150 of 306 actions detected
| 0:25 | Build | House |
| 0:33 | Research | Loom |
| 0:34 | Create | Villager (Male) |
| 0:34 | Create | Villager (Male) |
| 0:34 | Create | Villager (Male) |
| 0:35 | Create | Villager (Male) |
| 0:35 | Create | Villager (Male) |
| 1:27 | Build | Palisade Wall |
| 2:20 | Build | House |
| 3:13 | Build | Palisade Wall |
| 6:23 | Create | Villager (Male) |
| 6:23 | Create | Villager (Male) |
| 6:24 | Create | Villager (Male) |
| 6:24 | Create | Villager (Male) |
| 6:24 | Create | Villager (Male) |
| 6:25 | Create | Villager (Male) |
| 7:02 | Build | Mill |
| 7:27 | Build | Mining Camp |
| 7:51 | Build | Mining Camp |
| 8:11 | Build | House |
| 8:53 | Build | House |
| 9:55 | Create | Villager (Male) |
| 9:55 | Create | Villager (Male) |
| 9:55 | Create | Villager (Male) |
| 9:56 | Create | Villager (Male) |
| 11:22 | Build | Lumber Camp |
| 11:56 | Create | Villager (Male) |
| 11:56 | Create | Villager (Male) |
| 11:57 | Create | Villager (Male) |
| 12:02 | Create | Villager (Male) |
| 12:02 | Create | Villager (Male) |
| 12:53 | Build | Farm |
| 13:45 | Build | Farm |
| 14:54 | Research | Feudal Age |
| 15:29 | Build | Farm |
| 16:10 | Build | Farm |
| 16:16 | Build | Farm |
| 16:28 | Build | House |
| 16:52 | Build | Farm |
| 17:20 | Create | Villager (Male) |
| 17:21 | Create | Villager (Male) |
| 17:21 | Create | Villager (Male) |
| 17:21 | Create | Villager (Male) |
| 17:21 | Create | Villager (Male) |
| 17:22 | Create | Villager (Male) |
| 17:22 | Create | Villager (Male) |
| 17:33 | Build | House |
| 18:14 | Research | Horse Collar |
| 18:20 | Build | Farm |
| 18:47 | Build | Farm |
| 18:55 | Create | Villager (Male) |
| 18:55 | Create | Villager (Male) |
| 18:55 | Create | Villager (Male) |
| 18:55 | Create | Villager (Male) |
| 19:21 | Research | Double-Bit Axe |
| 19:33 | Build | Farm |
| 20:02 | Build | Farm |
| 20:29 | Build | Farm |
| 20:34 | Research | Wheelbarrow |
| 21:07 | Create | Villager (Male) |
| 21:07 | Create | Villager (Male) |
| 21:07 | Create | Villager (Male) |
| 21:40 | Create | Villager (Male) |
| 21:40 | Create | Villager (Male) |
| 21:40 | Create | Villager (Male) |
| 21:54 | Create | Villager (Male) |
| 22:15 | Research | Stone Mining |
| 22:25 | Build | Farm |
| 22:48 | Build | Farm |
| 22:55 | Create | Villager (Male) |
| 22:55 | Create | Villager (Male) |
| 22:55 | Create | Villager (Male) |
| 22:55 | Create | Villager (Male) |
| 23:26 | Build | Market |
| 23:39 | Build | Farm |
| 23:53 | Build | House |
| 24:04 | Build | Farm |
| 24:31 | Build | Farm |
| 24:46 | Build | House |
| 24:58 | Build | Farm |
| 25:13 | Build | Barracks |
| 25:31 | Build | House |
| 26:18 | Create | Villager (Male) |
| 26:18 | Create | Villager (Male) |
| 26:18 | Create | Villager (Male) |
| 26:19 | Create | Villager (Male) |
| 26:19 | Create | Villager (Male) |
| 26:19 | Create | Villager (Male) |
| 26:19 | Create | Villager (Male) |
| 26:20 | Create | Villager (Male) |
| 26:20 | Create | Villager (Male) |
| 26:20 | Create | Villager (Male) |
| 26:21 | Create | Villager (Male) |
| 27:14 | Build | Blacksmith |
| 27:21 | Build | House |
| 28:02 | Build | House |
| 28:20 | Build | Farm |
| 28:25 | Research | Castle Age |
| 28:32 | Build | House |
| 28:57 | Research | Gold Mining |
| 29:18 | Build | House |
| 29:35 | Build | Farm |
| 29:48 | Build | Farm |
| 29:57 | Research | Man-at-Arms (upgrade) |
| 30:00 | Research | Forging |
| 30:01 | Research | Scale Mail Armor |
| 30:03 | Research | Scale Barding Armor |
| 30:04 | Research | Padded Archer Armor |
| 30:05 | Research | Fletching |
| 30:17 | Build | Farm |
| 30:33 | Build | House |
| 31:02 | Build | Farm |
| 31:22 | Build | House |
| 31:32 | Research | Arson |
| 31:38 | Create | Militia |
| 31:38 | Create | Militia |
| 31:38 | Create | Militia |
| 31:39 | Create | Militia |
| 31:39 | Create | Militia |
| 31:39 | Create | Militia |
| 31:39 | Create | Militia |
| 31:39 | Create | Militia |
| 31:40 | Create | Militia |
| 31:40 | Create | Militia |
| 31:40 | Create | Militia |
| 31:41 | Create | Militia |
| 31:41 | Create | Militia |
| 31:41 | Create | Militia |
| 31:52 | Build | House |
| 32:24 | Build | House |
| 32:35 | Research | Town Watch |
| 33:13 | Build | Mining Camp |
| 33:24 | Build | House |
| 33:47 | Research | Coinage |
| 33:48 | Research | Caravan |
| 33:49 | Create | Trade Cart |
| 33:50 | Create | Trade Cart |
| 33:50 | Create | Trade Cart |
| 33:50 | Create | Trade Cart |
| 33:50 | Create | Trade Cart |
| 33:51 | Create | Trade Cart |
| 33:51 | Create | Trade Cart |
| 33:51 | Create | Trade Cart |
| 33:51 | Create | Trade Cart |
| 33:51 | Create | Trade Cart |
| 34:08 | Research | Long Swordsman (upgrade) |
| 34:09 | Research | Gambesons |
| 34:16 | Research | Town Patrol |
| 34:37 | Research | Heavy Plow |
| 34:47 | Research | Bow Saw |
Build order — Jaerson158
90 actions detected in the replay
| 0:48 | Build | Palisade Wall |
| 1:19 | Research | Loom |
| 1:21 | Create | Villager (Male) ×4 |
| 2:43 | Build | House |
| 3:04 | Build | Outpost |
| 3:23 | Build | Outpost |
| 3:40 | Build | Outpost |
| 4:40 | Build | House |
| 5:36 | Build | Mill |
| 6:08 | Create | Villager (Male) ×3 |
| 7:30 | Build | House |
| 8:07 | Build | Mill |
| 9:39 | Build | Lumber Camp |
| 9:50 | Create | Villager (Male) |
| 9:52 | Create | Villager (Male) ×5 |
| 10:36 | Build | Farm |
| 11:21 | Build | Farm |
| 13:33 | Build | Mining Camp |
| 13:49 | Build | Mill |
| 14:56 | Build | Lumber Camp |
| 15:36 | Build | Farm |
| 16:33 | Research | Feudal Age |
| 17:41 | Build | Barracks |
| 18:07 | Build | Mining Camp |
| 18:20 | Create | Villager (Male) ×5 |
| 18:43 | Age | Feudal Age |
| 18:49 | Create | Militia |
| 18:49 | Create | Militia |
| 18:51 | Create | Spearman |
| 18:51 | Create | Spearman |
| 18:51 | Create | Spearman |
| 20:16 | Build | Blacksmith |
| 20:23 | Build | House |
| 20:24 | Build | House |
| 20:57 | Create | Villager (Male) ×5 |
| 21:33 | Build | Lumber Camp |
| 21:51 | Build | Watch Tower |
| 22:12 | Build | Farm |
| 22:57 | Build | House |
| 22:58 | Build | House |
| 22:59 | Build | House |
| 23:21 | Research | Double-Bit Axe |
| 25:05 | Build | Archery Range |
| 25:15 | Build | Stable |
| 25:24 | Research | Man-at-Arms (upgrade) |
| 25:38 | Create | Militia |
| 25:38 | Create | Militia |
| 25:39 | Create | Spearman |
| 25:39 | Create | Spearman |
| 25:39 | Create | Spearman |
| 25:45 | Research | Horse Collar |
| 26:08 | Build | Lumber Camp |
| 26:42 | Research | Wheelbarrow |
| 26:43 | Research | Town Watch |
| 26:46 | Create | Villager (Male) ×3 |
| 27:48 | Build | Farm |
| 27:54 | Build | Mill |
| 27:59 | Build | Farm |
| 28:00 | Build | Farm |
| 28:27 | Build | Farm |
| 28:50 | Build | Mill |
| 29:09 | Build | Farm |
| 29:27 | Build | Farm |
| 29:45 | Build | Mill |
| 30:13 | Build | Farm |
| 30:55 | Create | Villager (Male) |
| 30:56 | Create | Villager (Male) |
| 31:05 | Create | Archer |
| 31:05 | Create | Archer |
| 31:07 | Create | Skirmisher |
| 31:07 | Create | Skirmisher |
| 31:08 | Create | Skirmisher |
| 31:12 | Research | Bloodlines |
| 31:13 | Create | Scout Cavalry |
| 31:13 | Create | Scout Cavalry |
| 31:44 | Build | Market |
| 32:28 | Build | Farm |
| 33:10 | Build | Farm |
| 33:12 | Build | Farm |
| 33:14 | Build | Farm |
| 34:18 | Build | Mining Camp |
| 34:49 | Create | Villager (Male) |
| 34:49 | Create | Villager (Male) |
| 34:54 | Create | Villager (Male) |
| 34:55 | Create | Villager (Male) |
| 35:17 | Create | Villager (Male) |
| 35:39 | Build | Mining Camp |
| 36:08 | Create | Spearman ×5 |
| 36:09 | Create | Spearman ×5 |
| 36:09 | Create | Spearman ×5 |
Match timeline
| 0:48 | Jaerson158 · wall_segment Palisade Wall x14 |
| 1:27 | Rojasdrak · wall_segment Palisade Wall x13 |
| 1:44 | 鸿图小霸王 · wall_segment Palisade Wall x6 |
| 2:36 | 鸿图小霸王 · wall_segment Palisade Wall x10 |
| 2:46 | banjin · wall_segment Palisade Wall x6 |
| 3:13 | Rojasdrak · wall_segment Palisade Wall x22 |
| 3:56 | banjin · wall_segment Palisade Wall x9 |
| 4:23 | Frums · wall_segment Palisade Wall x1 |
| 4:26 | Frums · wall_segment Palisade Wall x1 |
| 4:30 | Frums · wall_segment Palisade Wall x1 |
| 5:08 | banjin · first_building Dock |
| 5:38 | banjin · wall_segment Palisade Wall x8 |
| 5:43 | Frums · first_building Dock |
| 10:53 | Frums · age_up feudal |
| 11:56 | 鸿图小霸王 · age_up feudal |
| 12:11 | O.aYa.J · age_up feudal |
| 12:12 | galahad7475 · age_up feudal |
| 13:04 | banjin · age_up feudal |
| 13:04 | galahad7475 · first_market_sell 100 wood |
| 15:01 | banjin · first_building Barracks |
| 15:30 | Fernando Sucre · age_up feudal |
| 15:54 | 鸿图小霸王 · first_market_buy 100 wood |
| 16:14 | banjin · first_building Archery Range |
| 16:46 | galahad7475 · age_up castle |
| 17:12 | banjin · age_up castle |
| 17:22 | 鸿图小霸王 · age_up castle |
| 17:22 | 鸿图小霸王 · wall_segment Stone Wall x9 |
| 17:41 | Jaerson158 · first_building Barracks |
| 18:07 | banjin · first_market_buy 100 wood |
| 18:13 | O.aYa.J · age_up castle |
| 18:29 | 鸿图小霸王 · wall_segment Stone Wall x8 |
| 18:43 | Jaerson158 · age_up feudal |
| 18:43 | Frums · first_market_buy 100 wood |
| 18:58 | O.aYa.J · first_building Monastery |
| 19:39 | O.aYa.J · first_building Barracks |
| 20:45 | O.aYa.J · first_building Siege Workshop |
| 22:03 | O.aYa.J · first_building Castle |
| 22:14 | Frums · age_up castle |
| 23:08 | Frums · first_market_sell 100 food |
| 23:22 | Frums · first_building Monastery |
| 23:40 | banjin · first_building Castle |
| 23:58 | banjin · first_building Monastery |
| 25:05 | Jaerson158 · first_building Archery Range |
| 25:13 | Rojasdrak · first_building Barracks |
| 25:15 | Jaerson158 · first_building Stable |
| 26:07 | galahad7475 · first_building Monastery |
| 26:18 | banjin · first_building Siege Workshop |
| 27:19 | galahad7475 · first_building Castle |
| 27:21 | galahad7475 · first_building Barracks |
| 27:25 | Frums · first_building Siege Workshop |
| 27:30 | 鸿图小霸王 · first_building Castle |
| 28:13 | Frums · first_building Barracks |
| 29:12 | 鸿图小霸王 · first_building Siege Workshop |
| 29:35 | galahad7475 · first_building Archery Range |
| 29:44 | Frums · first_building Stable |
| 30:16 | galahad7475 · first_building Siege Workshop |
| 30:24 | 鸿图小霸王 · first_building Barracks |
| 31:29 | Fernando Sucre · first_building Dock |
| 31:38 | Frums · first_building Castle |
| 32:04 | Frums · age_up imperial |
| 32:07 | banjin · age_up imperial |
| 32:21 | 鸿图小霸王 · age_up imperial |
| 32:26 | galahad7475 · age_up imperial |
| 32:35 | Fernando Sucre · age_up castle |
| 33:02 | Frums · first_building Archery Range |
| 33:32 | 鸿图小霸王 · first_building Stable |
| 34:32 | O.aYa.J · age_up imperial |
| 35:53 | Rojasdrak · first_building Monastery |
| 37:58 | Jaerson158 · resign |
| 38:40 | Rojasdrak · first_building Castle |
| 39:08 | Rojasdrak · first_building Siege Workshop |
| 40:04 | banjin · first_market_sell 500 food |
| 40:04 | Rojasdrak · first_building Stable |
| 43:03 | Rojasdrak · first_market_sell 100 wood |
| 44:59 | Fernando Sucre · first_building Monastery |
| 47:23 | Fernando Sucre · tribute_sent a jugador 1 |
| 47:23 | Fernando Sucre · tribute_sent a jugador 2 |
| 47:23 | Fernando Sucre · tribute_sent a jugador 3 |
| 47:23 | Fernando Sucre · tribute_sent a jugador 5 |
| 47:23 | Fernando Sucre · tribute_sent a jugador 6 |
| 47:23 | Fernando Sucre · tribute_sent a jugador 7 |
| 47:23 | Fernando Sucre · tribute_sent a jugador 8 |
[ AI ANALYSIS · 1 CREDIT ]
What really happened in this match?
Wolo.gg analyzes every decision: build order, eco, micro, common mistakes by bracket. Personalized analysis on WhatsApp or Discord in 30 seconds.
Civ guide
Cumans
Perfil
Jugador #11652585